| TOP OF THE 1ST |
|
Raleigh-Durham Capitals batting - Pitching for Winston-Salem Spirits : LHP Michael Smith
|
|
Pitching: LHP Michael Smith
|
|
|
Batting: SHB Horace Ransom
|
0-0: Swinging Strike 0-1: Foul Ball, location: 2F 0-2: Fly out, F9 (Flyball, 89S, EV 81.3 MPH)
|
|
Batting: RHB Mark Miller
|
0-0: Called Strike 0-1: Foul Ball, location: 2F 0-2: Ground out 4-3 (Groundball, 4, EV 101.9 MPH)
|
|
Batting: LHB Clay Smith
|
0-0: Ball 1-0: Ground out 4-3 (Groundball, 4, EV 109.4 MPH)
|
| Top of the 1st over - 0 runs, 0 hits, 0 errors, 0 left on base; Raleigh-Durham 0 - Winston-Salem 0 |
| BOTTOM OF THE 1ST |
|
Winston-Salem Spirits batting - Pitching for Raleigh-Durham Capitals : RHP Carlos Garcia
|
|
Pitching: RHP Carlos Garcia
|
|
|
Batting: SHB Frank Diaz
|
0-0: Called Strike 0-1: Called Strike 0-2: Strikes out swinging
|
|
Batting: SHB Jim Thomas
|
0-0: Ball 1-0: SINGLE (Flyball, 6D, EV 91.3 MPH)
|
|
Batting: SHB Danny Montero
|
0-0: Ball 1-0: Ball 2-0: Ball Jim Thomas steals 2nd base 3-0: Called Strike 3-1: Fly out, F8 (Flyball, 8RXD, EV 94.4 MPH) Runner from 2nd tags up, SAFE at 3rd, no throw by CF
|
|
Batting: RHB Jeffrey Smith
|
0-0: Called Strike 0-1: Ball 1-1: Swinging Strike 1-2: Ball 2-2: Foul Ball, location: 2F 2-2: Ball 3-2: Base on Balls
|
|
Batting: RHB Larry Reasonover
|
0-0: Called Strike 0-1: Ball 1-1: Ball 2-1: SINGLE (Line Drive, 9S, EV 91.9 MPH) Jim Thomas scores Jeffrey Smith to second Runner from 2nd tries for 3rd, SAFE, throw by RF made to third
|
|
Batting: RHB Brad Fischer
|
0-0: Ground out 4-3 (Groundball, 4, EV 100.6 MPH)
|
| Bottom of the 1st over - 1 run, 2 hits, 0 errors, 2 left on base; Raleigh-Durham 0 - Winston-Salem 1 |
| TOP OF THE 2ND |
|
Raleigh-Durham Capitals batting - Pitching for Winston-Salem Spirits : LHP Michael Smith
|
|
Batting: RHB James Stefanski
|
0-0: Called Strike 0-1: Ball 1-1: Fly out, F8 (Flyball, 78S, EV 81.3 MPH)
|
|
Batting: RHB James Wahlig
|
0-0: Foul Ball, location: 2F 0-1: Ball 1-1: Reached on error, E3 (Groundball, 34, EV 83.8 MPH)
|
|
Batting: RHB Kevin MacDonald
|
0-0: Called Strike 0-1: Swinging Strike 0-2: Strikes out swinging James Wahlig is caught stealing 2nd base 2-4 Batter strikes out.
|
| Top of the 2nd over - 0 runs, 0 hits, 1 error, 0 left on base; Raleigh-Durham 0 - Winston-Salem 1 |
| BOTTOM OF THE 2ND |
|
Winston-Salem Spirits batting - Pitching for Raleigh-Durham Capitals : RHP Carlos Garcia
|
|
Batting: RHB Ell Roberson
|
0-0: Ball 1-0: Ball 2-0: Swinging Strike 2-1: Called Strike 2-2: Ball 3-2: Base on Balls
|
|
Batting: RHB Venson Davis
|
0-0: Ball 1-0: Foul Ball, location: 2F 1-1: Ball 2-1: Foul Ball, location: 2F 2-2: Ball 3-2: SINGLE (Groundball, 5S, EV 64.4 MPH) (infield hit) Ell Roberson to second
|
|
Batting: RHB Kelly Miller
|
0-0: Foul Ball, location: 2F 0-1: Ball 1-1: Ball 2-1: Ball 3-1: Foul Ball, location: 2F 3-2: Base on Balls Ell Roberson to third Venson Davis to second
|
|
Batting: SHB Frank Diaz
|
0-0: Ball 1-0: Called Strike 1-1: Grounds into double play, 5-4-3 (Groundball, 5, EV 106.3 MPH) Ell Roberson scores Venson Davis to third
|
|
Batting: SHB Jim Thomas
|
0-0: Fly out, F8 (Flyball, 8LS, EV 85.0 MPH)
|
| Bottom of the 2nd over - 1 run, 1 hit, 0 errors, 1 left on base; Raleigh-Durham 0 - Winston-Salem 2 |
| TOP OF THE 3RD |
|
Raleigh-Durham Capitals batting - Pitching for Winston-Salem Spirits : LHP Michael Smith
|
|
Batting: RHB Red Ebersole
|
0-0: Called Strike 0-1: Ball 1-1: Fly out, F9 (Flyball, 89M, EV 81.9 MPH)
|
|
Batting: RHB Luis Brito
|
0-0: Called Strike 0-1: Foul Ball, location: 2F 0-2: Ground out 6-3 (Groundball, 6, EV 97.5 MPH)
|
|
Batting: RHB Marshall Burk
|
0-0: Ground out 5-3 (Groundball, 56, EV 88.1 MPH)
|
| Top of the 3rd over - 0 runs, 0 hits, 0 errors, 0 left on base; Raleigh-Durham 0 - Winston-Salem 2 |
| BOTTOM OF THE 3RD |
|
Winston-Salem Spirits batting - Pitching for Raleigh-Durham Capitals : RHP Carlos Garcia
|
|
Batting: SHB Danny Montero
|
0-0: Ball 1-0: Foul Ball, location: 2F 1-1: Foul Ball, location: 2F 1-2: Ball 2-2: Ball 3-2: Ground out 5-3 (Groundball, 56, EV 78.1 MPH)
|
|
Batting: RHB Jeffrey Smith
|
0-0: Called Strike 0-1: Ball 1-1: Fly out, F9 (Line Drive, 9D, EV 97.5 MPH)
|
|
Batting: RHB Larry Reasonover
|
0-0: Ball 1-0: Ball 2-0: Foul Ball, location: 2F 2-1: Foul Ball, location: 2F 2-2: SINGLE (Flyball, 78S, EV 97.5 MPH)
|
|
Batting: RHB Brad Fischer
|
0-0: Foul Ball, location: 2F 0-1: Foul Ball, location: 2F 0-2: Ball 1-2: Ball 2-2: Foul Ball, location: 2F 2-2: Foul Ball, location: 2F 2-2: Foul Ball, location: 2F 2-2: SINGLE (Line Drive, 4M, EV 106.9 MPH) Larry Reasonover to second Runner from 2nd tries for 3rd, SAFE, throw by CF made to third
|
|
Batting: RHB Ell Roberson
|
0-0: Called Strike 0-1: Ball 1-1: Called Strike 1-2: SINGLE (Line Drive, 7S, EV 102.5 MPH) Larry Reasonover scores Brad Fischer to second
|
|
Batting: RHB Venson Davis
|
0-0: Called Strike 0-1: Fielders Choice at 2nd, 6-4 (Groundball, 56, EV 100.6 MPH)
|
| Bottom of the 3rd over - 1 run, 3 hits, 0 errors, 2 left on base; Raleigh-Durham 0 - Winston-Salem 3 |
| TOP OF THE 4TH |
|
Raleigh-Durham Capitals batting - Pitching for Winston-Salem Spirits : LHP Michael Smith
|
|
Batting: SHB Horace Ransom
|
0-0: Swinging Strike 0-1: Ball 1-1: SINGLE (Line Drive, 78S, EV 110.0 MPH)
|
|
Batting: RHB Mark Miller
|
0-0: Grounds into double play, 4-6-3 (Groundball, 4, EV 85.6 MPH)
|
|
Batting: LHB Clay Smith
|
0-0: Ball 1-0: Called Strike 1-1: Ball 2-1: Foul Ball, location: 2F 2-2: Ball 3-2: Foul Ball, location: 2F 3-2: Foul Ball, location: 2F 3-2: Strikes out looking
|
| Top of the 4th over - 0 runs, 1 hit, 0 errors, 0 left on base; Raleigh-Durham 0 - Winston-Salem 3 |
| BOTTOM OF THE 4TH |
|
Winston-Salem Spirits batting - Pitching for Raleigh-Durham Capitals : RHP Carlos Garcia
|
|
Batting: RHB Kelly Miller
|
0-0: Ball 1-0: Ball 2-0: Foul Ball, location: 2F 2-1: Fly out, F8 (Flyball, 8RM, EV 83.1 MPH)
|
|
Batting: SHB Frank Diaz
|
0-0: Foul Ball, location: 2F 0-1: Swinging Strike 0-2: Ground out 4-3 (Groundball, 4M, EV 110.0 MPH)
|
|
Batting: SHB Jim Thomas
|
0-0: Called Strike 0-1: Fly out, F8 (Flyball, 78S, EV 88.8 MPH)
|
| Bottom of the 4th over - 0 runs, 0 hits, 0 errors, 0 left on base; Raleigh-Durham 0 - Winston-Salem 3 |
| TOP OF THE 5TH |
|
Raleigh-Durham Capitals batting - Pitching for Winston-Salem Spirits : LHP Michael Smith
|
|
Batting: RHB James Stefanski
|
0-0: Ground out 4-3 (Groundball, 4M, EV 90.0 MPH)
|
|
Batting: RHB James Wahlig
|
0-0: Ball 1-0: Called Strike 1-1: Fly out, F3 (Line Drive, 3, EV 71.9 MPH)
|
|
Batting: RHB Kevin MacDonald
|
0-0: Fly out, F7 (Flyball, 7, EV 80.6 MPH)
|
| Top of the 5th over - 0 runs, 0 hits, 0 errors, 0 left on base; Raleigh-Durham 0 - Winston-Salem 3 |
| BOTTOM OF THE 5TH |
|
Winston-Salem Spirits batting - Pitching for Raleigh-Durham Capitals : RHP Carlos Garcia
|
|
Batting: SHB Danny Montero
|
0-0: Ball 1-0: Foul Ball, location: 2F 1-1: Swinging Strike 1-2: Ball 2-2: Strikes out looking
|
|
Batting: RHB Jeffrey Smith
|
0-0: Called Strike 0-1: Called Strike 0-2: Ball 1-2: Foul Ball, location: 2F 1-2: Ball 2-2: Ball 3-2: Fly out, F5 (Line Drive, 5, EV 65.0 MPH)
|
|
Batting: RHB Larry Reasonover
|
0-0: Foul Ball, location: 2F 0-1: Ball 1-1: Ball 2-1: Foul Ball, location: 2F 2-2: Ball 3-2: Fly out, F9 (Flyball, 89M, EV 82.5 MPH)
|
| Bottom of the 5th over - 0 runs, 0 hits, 0 errors, 0 left on base; Raleigh-Durham 0 - Winston-Salem 3 |
| TOP OF THE 6TH |
|
Raleigh-Durham Capitals batting - Pitching for Winston-Salem Spirits : LHP Michael Smith
|
|
Batting: RHB Red Ebersole
|
0-0: Fly out, F8 (Flyball, 8LM, EV 83.1 MPH)
|
|
Batting: RHB Luis Brito
|
0-0: Called Strike 0-1: Ground out 5-3 (Groundball, 56, EV 84.4 MPH)
|
|
Batting: RHB Marshall Burk
|
0-0: Ball 1-0: Foul Ball, location: 2F 1-1: Ball 2-1: Ball 3-1: Base on Balls
|
|
Batting: SHB Horace Ransom
|
0-0: Ball 1-0: Ball 2-0: Ball 3-0: Swinging Strike 3-1: Foul Ball, location: 2F 3-2: Foul Ball, location: 2F 3-2: Foul Ball, location: 2F 3-2: Foul Ball, location: 2F 3-2: Foul Ball, location: 2F 3-2: Base on Balls Marshall Burk to second
|
|
Batting: RHB Mark Miller
|
0-0: Ball 1-0: Called Strike 1-1: Foul Ball, location: 2F 1-2: Ground out U3 (Groundball, 34S, EV 90.6 MPH)
|
| Top of the 6th over - 0 runs, 0 hits, 0 errors, 2 left on base; Raleigh-Durham 0 - Winston-Salem 3 |
| BOTTOM OF THE 6TH |
|
Winston-Salem Spirits batting - Pitching for Raleigh-Durham Capitals : RHP Carlos Garcia
|
|
Batting: RHB Brad Fischer
|
0-0: Foul Ball, location: 2F 0-1: Ball 1-1: Swinging Strike 1-2: Ball 2-2: Ground out U3 (Groundball, 34, EV 91.9 MPH)
|
|
Batting: RHB Ell Roberson
|
0-0: Ball 1-0: Ball 2-0: Ball 3-0: Called Strike 3-1: Swinging Strike 3-2: Fly out, F8 (Line Drive, 8LM, EV 100.6 MPH)
|
|
Batting: RHB Venson Davis
|
0-0: SINGLE (Groundball, 25, EV 69.4 MPH) (infield hit)
|
|
Batting: RHB Kelly Miller
|
0-0: Foul Ball, location: 2F 0-1: Ball 1-1: Fielders Choice at 2nd, 6-4 (Groundball, 56, EV 104.4 MPH)
|
| Bottom of the 6th over - 0 runs, 1 hit, 0 errors, 1 left on base; Raleigh-Durham 0 - Winston-Salem 3 |
| TOP OF THE 7TH |
|
Raleigh-Durham Capitals batting - Pitching for Winston-Salem Spirits : LHP Michael Smith
|
|
Batting: LHB Clay Smith
|
0-0: Called Strike 0-1: Foul Ball, location: 2F 0-2: DOUBLE (Groundball, 3L, EV 106.3 MPH)
|
|
Batting: RHB James Stefanski
|
0-0: Ball 1-0: Called Strike 1-1: Ball Wild Pitch! Clay Smith to third 2-1: Fly out, F9 (Flyball, 9, EV 88.1 MPH)
|
|
Batting: RHB James Wahlig
|
0-0: Ball 1-0: Ball 2-0: SINGLE (Groundball, 6MD, EV 95.6 MPH) Clay Smith scores
|
|
Batting: RHB Kevin MacDonald
|
0-0: Swinging Strike 0-1: Foul Ball, location: 2F 0-2: Fly out, F8 (Line Drive, 8RM, EV 92.5 MPH)
|
|
Batting: RHB Red Ebersole
|
0-0: Swinging Strike 0-1: Called Strike 0-2: Ball 1-2: Fielders Choice at 2nd, 6-4 (Groundball, 6, EV 100.6 MPH)
|
| Top of the 7th over - 1 run, 2 hits, 0 errors, 1 left on base; Raleigh-Durham 1 - Winston-Salem 3 |
| BOTTOM OF THE 7TH |
|
Winston-Salem Spirits batting - Pitching for Raleigh-Durham Capitals : RHP Carlos Garcia
|
|
Batting: SHB Frank Diaz
|
0-0: Fly out, F4 (Popup, 4S, EV 72.5 MPH)
|
|
Batting: SHB Jim Thomas
|
0-0: Ball 1-0: Fly out, F5 (Popup, 5SF, EV 86.3 MPH)
|
|
Batting: SHB Danny Montero
|
0-0: Called Strike 0-1: Ground out 4-3 (Groundball, 4, EV 104.4 MPH)
|
| Bottom of the 7th over - 0 runs, 0 hits, 0 errors, 0 left on base; Raleigh-Durham 1 - Winston-Salem 3 |
| TOP OF THE 8TH |
|
Raleigh-Durham Capitals batting - Pitching for Winston-Salem Spirits : LHP Michael Smith
|
|
Now in RF: Angelo Ross
|
|
|
Batting: RHB Luis Brito
|
0-0: Ground out 6-3 (Groundball, 6, EV 89.4 MPH)
|
|
Batting: RHB Marshall Burk
|
0-0: Called Strike 0-1: Fly out, F9 (Flyball, 89S, EV 91.9 MPH)
|
|
Batting: SHB Horace Ransom
|
0-0: Called Strike 0-1: Ball 1-1: Foul Ball, location: 2F 1-2: Ball 2-2: Fly out, F7 (Flyball, 7LS, EV 91.3 MPH)
|
| Top of the 8th over - 0 runs, 0 hits, 0 errors, 0 left on base; Raleigh-Durham 1 - Winston-Salem 3 |
| BOTTOM OF THE 8TH |
|
Winston-Salem Spirits batting - Pitching for Raleigh-Durham Capitals : RHP Carlos Garcia
|
|
Batting: RHB Angelo Ross
|
0-0: TRIPLE (Flyball, 89XD, EV 95.0 MPH)
|
|
Batting: RHB Larry Reasonover
|
0-0: Ground out 5-3 (Groundball, 56S, EV 89.4 MPH)
|
|
Batting: RHB Brad Fischer
|
0-0: Intentional Walk
|
|
Batting: RHB Ell Roberson
|
0-0: Swinging Strike 0-1: Called Strike 0-2: Ball 1-2: Ball 2-2: Foul Ball, location: 2F 2-2: Foul Ball, location: 2F 2-2: Ground out 4-3 (Groundball, 13, EV 89.4 MPH) Angelo Ross scores Brad Fischer to second
|
|
Batting: RHB Venson Davis
|
0-0: Ball 1-0: Ground out 5-3 (Groundball, 56, EV 110.6 MPH)
|
| Bottom of the 8th over - 1 run, 1 hit, 0 errors, 1 left on base; Raleigh-Durham 1 - Winston-Salem 4 |
| TOP OF THE 9TH |
|
Raleigh-Durham Capitals batting - Pitching for Winston-Salem Spirits : LHP Michael Smith
|
|
Batting: RHB Mark Miller
|
0-0: Ball 1-0: Ball 2-0: Ball 3-0: Called Strike 3-1: Swinging Strike 3-2: Base on Balls
|
|
Batting: LHB Clay Smith
|
0-0: Called Strike 0-1: Ball 1-1: Ball 2-1: Grounds into double play, 4-6-3 (Groundball, 34, EV 86.3 MPH)
|
|
Batting: RHB James Stefanski
|
0-0: DOUBLE (Line Drive, 5D, EV 109.4 MPH)
|
|
Batting: RHB James Wahlig
|
0-0: Swinging Strike 0-1: Ball 1-1: Called Strike 1-2: Foul Ball, location: 2F 1-2: Foul Ball, location: 2F 1-2: Strikes out swinging
|
| Top of the 9th over - 0 runs, 1 hit, 0 errors, 1 left on base; Raleigh-Durham 1 - Winston-Salem 4 |
|